 Dungeon Crawl Stone Soup version 0.31-b1-17-gcfd88c8481 (webtiles) character file.

Game seed: 16346275674584587570

13567 hawla the Spear-Bearer (level 11, 0/141 HPs)
             Began as a Grey Draconian Conjurer on Jan 16, 2024.
             Was a Priest of Vehumet.
             Slain by a centaur warrior (9 damage)
             ... on level 10 of the Dungeon.
             The game lasted 00:28:51 (10798 turns).

hawla the Spear-Bearer (Grey Draconian Conjurer)   Turns: 10798, Time: 00:28:51

Health: 0/141      AC: 25    Str: 16    XL:     11   Next: 77%
Magic:  5/18       EV:  2    Int: 22    God:    Vehumet [***...]
Gold:   537        SH:  0    Dex: 16    Spells: 12/19 levels left

rFire   . . .        t - +8 trident of the Octopus King {venom, rElec rPois}
rCold   . . .        (no shield)
rNeg    . . .        (body armour unavailable)
rPois   +            e - melded +2 hat
rElec   +            (cloak currently unavailable)
rCorr   .            r - melded +0 pair of gloves
SInv    .            C - melded +3 pair of seven-league boots {Rampage+∞}
Will    .....        d - amulet of magic regeneration
Stlth   ++++         i - +6 ring of dexterity
HPRegen 0.43/turn    A - +6 ring of strength
MPRegen 0.56/turn

%: no passive effects
@: tree-form (expiring)
A: stationary, stasis, torment immunity, boosted hp, AC +12, (amphibious),
unfitting armour, (cold-blooded)
a: Renounce Religion


You were on level 10 of the Dungeon.
You worshipped Vehumet.
Vehumet was most pleased with you.
You were a tree.
You visited 2 branches of the dungeon, and saw 11 of its levels.
You also visited: Bailey.

You collected 537 gold pieces.

Inventory:

Hand Weapons
 l - a +1 falchion of freezing
 t - the +8 trident of the Octopus King (weapon) {venom, rElec rPois}
   (You found it on level 3 of the Dungeon)

   rElec:     It insulates you from electricity.
   rPois:     It protects you from poison
Armour
 e - a +2 hat (melded)
 r - a +0 pair of gloves (melded)
 C - the +3 pair of seven-league boots (melded) {Rampage+∞}
   (You found it on level 9 of the Dungeon)

   Rampage+∞: When moving toward enemies, its wearer moves as far as possible,
   alerting their target en route.
Magical Staves
 x - a staff of conjuration
Jewellery
 d - an amulet of magic regeneration (around neck)
 h - an amulet of the acrobat
 i - a +6 ring of dexterity (left branch)
 k - a ring of wizardry
 v - an amulet of regeneration
 w - an amulet of guardian spirit
 A - a +6 ring of strength (right branch)
Wands
 b - a wand of charming (14)
 n - a wand of flame (7)
 o - a wand of mindburst (14) (quivered)
 u - a wand of polymorph (11)
Scrolls
 f - 2 scrolls of revelation
 g - 4 scrolls of identify
 y - a scroll of enchant armour
 z - a scroll of poison
Potions
 a - a potion of magic
 c - 3 potions of curing
 m - 2 potions of cancellation {unknown}
 q - 3 potions of mutation {unknown}
 s - 2 potions of enlightenment
 D - 2 potions of haste {unknown}
 E - a potion of invisibility {unknown}


   Skills:
 + Level 8.2 Fighting
 - Level 2.0(2.4) Short Blades
 + Level 2.0(2.4) Long Blades
 + Level 8.5 Polearms
 + Level 8.2 Dodging
 + Level 8.2 Stealth
 + Level 4.8 Spellcasting
 + Level 6.9 Conjurations
 + Level 3.9 Translocations
 + Level 3.7 Evocations


You had 12 spell levels left.
You knew the following spells:

 Your Spells              Type           Power      Damage    Failure   Level
a - Magic Dart            Conj           100%       1d8       1%          1
b - Searing Ray           Conj           70%        2d7       1%          2
c - Iskenderun's Mystic   Conj/Tloc      29%        2d7       3%          4

Your spell library contained the following spells:

 Spells                   Type           Power      Damage    Failure   Level
 Dazzling Flash           Conj/Hex       40%        N/A       2%          3
 Static Discharge         Conj/Air       40%        3-5/arc   1%          2
 Fulminant Prism          Conj/Alch      10%        3d8       7%          4
 Necrotise                Necr           20%        1d5       11%         1
 Summon Small Mammal      Summ           20%        N/A       11%         1
 Passage of Golubria      Tloc           22%        N/A       21%         4
 Airstrike                Air            2%         2d(1-17)  26%         4
 Call Canine Familiar     Summ           5%         N/A       30%         3
 Tukima's Dance           Hex            5%         N/A       30%         3
 Vampiric Draining        Necr           5%         2d6       30%         3
 Yara's Violent Unravell  Hex/Alch       2%         3d3       54%         5
 Martyr's Knell           Necr/Summ      5%         N/A       71%         4
 Summon Blazeheart Golem  Fire/Summ      5%         N/A       71%         4
 Summon Lightning Spire   Summ/Air       5%         N/A       71%         4
 Alistair's Intoxication  Alch           3%         N/A       96%         5
 Borgnjor's Vile Clutch   Necr/Erth      2%         N/A       96%         5
 Curse of Agony           Necr           5%         N/A       96%         5
 Eringya's Noxious Bog    Alch           2%         4d6       97%         6
 Haunt                    Necr/Summ      2%         N/A       100%        7
 Borgnjor's Revivificati  Necr           2%         N/A       100%        8
 Death's Door             Necr           2%         N/A       100%        9


Dungeon Overview and Level Annotations

Branches:
Dungeon (10/15)            Temple (1/1) D:6            Lair (0/5) D:9
    Orc (0/2) D:10         Bailey (visited)

Altars:
Ashenzari
Cheibriados
Elyvilon
Fedhas
Gozag
Hepliaklqana
Kikubaaqudgha
Makhleb
Nemelex Xobeh
Okawaru
Ru
Sif Muna
Trog
Uskayaw
Vehumet
Wu Jian
Xom
Yredelemnul
Zin
The Shining One

Shops:
D:10 **

Annotations:
D:10 Lodul


Innate Abilities, Weirdness & Mutations

You are a tree.
Your roots penetrate the ground, keeping you stationary.
You cannot be teleported.
You are immune to unholy pain and torment.
Your maximum health is greatly increased.
Your equipment is partially melded.
((Your dull iron-grey scales are very hard. (AC +12)))
((You are amphibious.))
You cannot fit into any form of body armour.
((You are cold-blooded and may be slowed by cold attacks.))


Message History

The searing ray hits the centaur warrior.
The centaur warrior is heavily wounded.
The centaur warrior hits you but does no damage.
The centaur warrior kicks you but does no damage.
The centaur warrior hits you but does no damage.
The centaur warrior kicks you but does no damage.
The searing ray hits the centaur warrior.
The centaur warrior is heavily wounded.
You finish channelling your searing ray.
The centaur warrior hits you but does no damage.
The centaur warrior kicks you but does no damage.
Casting: Searing Ray (safe; 1% risk of failure)
Confirm with . or Enter, or press ? or * to list all spells.
You erupt in a blast of force!
The mystic blast hits the centaur warrior.
The centaur warrior is severely wounded.
The centaur warrior hits you but does no damage.
The centaur warrior kicks you but does no damage.
The centaur warrior hits you.
* * * LOW HITPOINT WARNING * * *
The centaur warrior kicks you.
* * * LOW HITPOINT WARNING * * *
Casting: Iskenderun's Mystic Blast (mildly dangerous; 3% risk of failure)
Confirm with . or Enter, or press ? or * to list all spells.
Aiming: Searing Ray (safe; 1% risk of failure)
Press: ? - help, Shift-Dir - straight line, f/p - centaur warrior
Aim: a centaur warrior (severely wounded, 86% to hit)
The searing ray hits the centaur warrior!
The centaur warrior is almost dead. (Press . to maintain the ray.)
Your transformation is almost over.
The centaur warrior hits you.
* * * LOW HITPOINT WARNING * * *
The centaur warrior barely misses you.
The searing ray hits the centaur warrior!
The centaur warrior is almost dead.
The centaur warrior hits you but does no damage.
The centaur warrior kicks you but does no damage.
The centaur warrior hits you!
You die...

,,,,,,,~##≈≈≈##≈#.# #############
,.....*~≈≈≈≈≈≈≈†..###############
,.....**#......<..............###
,.....#########...........###.###
,...............#########.#<#.###
,.....O.........># #####.#.#.###
,,,....§8........########.#.#.###
*****#.§....###c...######.#.#.###
#§§....# #.♣#.######.#.#.### **
######'###..#........#...... ,*
#...##..##########...### ,*
#...##..# #######...... ,*
#...##..# #######....## **
#...##..##########.....# #
#...#...#.......##..#..# #
#.O.#..##.#####.##..#..# #
##Z##..##.#...#.##..####


You could see a centaur warrior.

Vanquished Creatures
  Erica (D:9)
  A boulder beetle (D:8)
  A two-headed ogre (Bailey)
  Pikel (D:7)
  Joseph (D:10)
  A centaur zombie (D:10)
  Jeremiah (D:6)
  2 trolls
  A hornet (D:8)
  Prince Ribbit (D:7)
  5 slime creatures (D:8)
  4 spriggans (Bailey)
  3 shadows
  4 steam dragons
  A wraith (D:10)
  14 yaks
  4 vampire mosquitoes (D:10)
  6 water moccasins
  An orc warrior (D:9)
  2 black bears (D:9)
  6 ogres
  2 centaurs
  A lemure (D:7)
  3 kobold brigands
  8 bullfrogs
  2 gnoll sergeants (D:9)
  3 scorpions
  4 wights (D:8)
  A killer bee (D:9)
  An electric eel (D:10)
  6 howler monkeys
  3 bombardier beetles
  5 hounds
  A gnoll bouda (D:9)
  15 orc priests
  2 iguanas
  2 sleepcaps (D:6)
  11 orc wizards
  8 adders
  7 gnolls
  A shadow imp (D:6)
  A white imp (D:8)
  A ribbon worm (D:5)
  3 dart slugs
  35 orcs
  10 endoplasms
  6 giant cockroaches
  12 goblins
  3 hobgoblins
  2 jackals (D:1)
  7 kobolds
  3 quokkas
  6 ball pythons
  6 bats
  4 frilled lizards
  8 rats
254 creatures vanquished.

Vanquished Creatures (collateral kills)
  2 ufetubi (D:5)
2 creatures vanquished.

Vanquished Creatures (others)
  A vampire (D:10)
1 creature vanquished.

Grand Total: 257 creatures vanquished

Notes
Turn   | Place    | Note
-------+----------+-------------------------------------------
     0 | D:1      | hawla the Draconian Conjurer began the quest for the Orb.
     0 | D:1      | Reached XP level 1. HP: 14/14 MP: 3/3
   118 | D:1      | Reached XP level 2. HP: 11/20 MP: 3/5
   123 | D:1      | Learned a level 2 spell: Searing Ray
   551 | D:1      | Reached XP level 3. HP: 24/26 MP: 6/6
  1396 | D:2      | Reached XP level 4. HP: 33/33 MP: 8/8
  1700 | D:3      | Found a hazy altar of Hepliaklqana.
  2026 | D:3      | Noticed a scorpion
  2035 | D:3      | Killed a scorpion
  2036 | D:3      | Reached skill level 1 in Fighting
  2036 | D:3      | Reached skill level 1 in Short Blades
  2036 | D:3      | Reached XP level 5. HP: 39/40 MP: 9/9
  2141 | D:3      | Found the +8 trident of the Octopus King {venom, rElec
                  | rPois}
  2367 | D:3      | Reached skill level 1 in Long Blades
  2592 | D:4      | Reached XP level 6. HP: 43/47 MP: 10/10
  2605 | D:4      | Reached skill level 1 in Polearms
  2832 | D:4      | Found a basalt altar of Yredelemnul.
  3552 | D:5      | Entered Level 5 of the Dungeon
  3705 | D:5      | Your scales start taking on a dull iron-grey colour.
  3705 | D:5      | Reached XP level 7. HP: 45/55 MP: 11/11
  3814 | D:5      | Found an iron altar of Okawaru.
  3985 | D:5      | Reached skill level 1 in Evocations
  4406 | D:6      | Found a sparkling altar of Nemelex Xobeh.
  4482 | D:6      | Found a staircase to the Ecumenical Temple.
  4499 | Temple   | Entered the Ecumenical Temple
  4803 | Temple   | Became a worshipper of Vehumet
  4843 | D:6      | Noticed Jeremiah
  4859 | D:6      | Learned a level 4 spell: Iskenderun's Mystic Blast
  4933 | D:6      | Killed Jeremiah
  4934 | D:6      | Reached XP level 8. HP: 57/62 MP: 12/12
  5686 | D:6      | Noticed a two-headed ogre
  5709 | D:6      | Found a glowing golden altar of the Shining One.
  5940 | D:7      | Noticed Prince Ribbit
  5950 | D:7      | Killed Prince Ribbit
  5951 | D:7      | Reached skill level 5 in Stealth
  6346 | D:7      | Noticed Pikel
  6359 | D:7      | Killed Pikel
  6360 | D:7      | Reached skill level 5 in Fighting
  6360 | D:7      | Reached skill level 5 in Dodging
  6360 | D:7      | Reached XP level 9. HP: 60/74 MP: 13/13
  6625 | D:7      | Found a bloodstained altar of Trog.
  6834 | D:7      | Found a shimmering altar of Xom.
  7098 | D:8      | Reached skill level 5 in Conjurations
  7324 | D:8      | Reached * piety under Vehumet
  7324 | D:8      | Offered knowledge of Freeze by Vehumet.
  7325 | D:8      | Reached XP level 10. HP: 43/84 MP: 9/14
  7973 | D:9      | Noticed a boulder beetle
  7983 | D:8      | Reached skill level 5 in Polearms
  8175 | D:8      | Killed a boulder beetle
  8579 | D:9      | Reached XP level 11. HP: 83/92 MP: 17/17
  8720 | D:9      | Found the +3 pair of seven-league boots {Rampage+∞}
  8806 | D:9      | Reached ** piety under Vehumet
  8808 | D:9      | Offered knowledge of Mercury Vapours by Vehumet.
  8816 | D:9      | Found a glowing silver altar of Zin.
  8889 | D:9      | Found a staircase to the Lair.
  8901 | D:9      | Noticed Erica
  8922 | D:9      | Killed Erica
  9066 | D:9      | Found a blossoming altar of Fedhas.
  9129 | D:10     | Entered Level 10 of the Dungeon
  9167 | D:10     | Noticed Joseph
  9178 | D:10     | Offered knowledge of Dazzling Flash by Vehumet.
  9202 | D:10     | Killed Joseph
  9295 | D:10     | Found a staircase to the Orcish Mines.
  9325 | D:10     | Found Ciokoso's Specific Store.
  9330 | D:10     | Found Tetyllug's General Store.
  9601 | D:10     | Noticed Lodul
  9638 | D:10     | Found a flagged portal.
  9646 | D:10     | Reached *** piety under Vehumet
  9650 | Bailey   | Entered a bailey
 10137 | Bailey   | Noticed a two-headed ogre
 10144 | Bailey   | Killed a two-headed ogre
 10470 | D:10     | Noticed a centaur warrior
 10798 | D:10     | Slain by a centaur warrior

Illustrated notes

Levels and vault maps discovered:
D:1:      minmay_arrival_hallway, layout_basic, serial_glass, glass_columns_a,
          glass_columns_b, glass_columns_b, glass_columns_b,
          kennysheep_crisscross, chequers_serial_rivers_small_b
D:2:      layout_loops_ring
D:3:      layout_loops_corners, nicolae_hepliaklqana_hazy_memory,
          minmay_misc_feat_square, grunt_decor_mini_mirrors
D:4:      layout_layer_cave, overflow_temple_1_default
D:5:      layout_loops_ring, okawaru_gym_becter
D:6:      layout_layer_cave, mainiacjoe_overflow_cross_hatched,
          kennysheep_mini_moat, minmay_temple_entry_junction_2, chequers_garden,
          lightli_corner_chamber, uniq_jeremiah
D:7:      layout_basic, mainiacjoe_overflow_paths, lightli_temple_of_fire,
          st_stairs_12, nrook_uturn, uniq_pikel, uniq_prince_ribbit1
D:8:      layout_cave_pods
D:9:      nzn_winding_woodlands_small [nzn_winding_woodlands_5x15_cabin,
          nzn_winding_woodlands_center_garden,
          nzn_winding_woodlands_5x15_jagged], layout_rooms,
          mainiacjoe_overflow_alcove_2, lemuel_doored_altar,
          due_lair_maze_entry_diamond, uniq_erica
D:10:     layout_basic, mainiacjoe_overflow_alcove_1,
          mainiacjoe_overflow_24_doors, orc_0_dummy, serial_undead,
          serial_undead_f, serial_undead_d, serial_undead_c, serial_undead_e,
          serial_undead_f, serial_undead_e, serial_undead_e, serial_undead_c,
          enter_bailey_3, nicolae_specific_store, lightli_minifort, uniq_joseph,
          uniq_lodul
Temple:   bh_familiar_temple

Skill      XL: |  1  2  3  4  5  6  7  8  9 10 11 |
---------------+----------------------------------+-----
Dodging        | 2 3 5 6 7 8 |  8.2
Stealth        | 2 3 4 6 7 8 |  8.2
Fighting       | 1 2 5 6 7 8 |  8.2
Short Blades   | 1 2 |  2.0
Long Blades    | 1 2 |  2.0
Polearms       | 2 3 6 8 |  8.5
Evocations     | 3 |  3.7
Translocations | 2 3 |  3.9
Conjurations   | 5 6 |  6.9
Spellcasting   | 3 4 |  4.8

Action                     |  1- 3 |  4- 6 |  7- 9 | 10-12 || total
---------------------------+-------+-------+-------+-------++-------
  Melee: Dagger            |    95 |    46 |       |       ||   141
         Unarmed           |     4 |       |       |     3 ||     7
         Tailslap          |    12 |     9 |    32 |    35 ||    88
         Punch             |     2 |       |       |     5 ||     7
         Falchion          |    23 |       |       |    11 ||    34
         Trident           |       |    78 |   208 |   229 ||   515
         Staff             |       |       |       |     4 ||     4
   Cast: Magic Dart        |    13 |       |     2 |     5 ||    20
         Searing Ray       |     1 |       |     3 |    19 ||    23
         Iskenderun's Myst |       |       |     1 |    51 ||    52
  Evoke: Wand              |       |       |     4 |     1 ||     5
    Use: Scroll            |       |    13 |     3 |     6 ||    22
         Potion            |       |       |     1 |    12 ||    13
   Stab: Sleeping          |     5 |     8 |     4 |     1 ||    18
         Distracted        |       |     1 |     3 |     1 ||     5
 Armour: Skin              |    70 |    64 |   131 |   355 ||   620
  Dodge: Dodged            |    85 |    51 |   136 |   268 ||   540
